 Dungeon Crawl Stone Soup version 0.19.3 (webtiles) character file.

330558 Mefis the Sorcerer (level 20, -2/106 HPs)
             Began as a Deep Elf Wizard on Jan 22, 2017.
             Was a High Priest of Sif Muna.
             Splashed by an acid blob's acid (5 damage)
             ... created by the Royal Jelly
             ... on level 4 of the Pits of Slime on Jan 23, 2017.
             The game lasted 03:45:58 (51946 turns).

Mefis the Sorcerer (Deep Elf Wizard)               Turns: 51946, Time: 03:46:00

Health: -2/106     AC: 17    Str:  4    XL:     20   Next: 85%
Magic:  44/66      EV: 20    Int: 38    God:    Sif Muna [*****.]
Gold:   1350       SH:  6    Dex: 19    Spells: 11 memorised, 3 levels left

rFire  x . .     SeeInvis .     a - staff of power
rCold  + + +     Gourm    .     K - +2 robe {MR+}
rNeg   . . .     Faith    .     I - +0 buckler
rPois  +         Spirit   .     i - +0 Maxwell's etheric cage {RegenMP+ *Contam rElec MP+4}
rElec  +         Reflect  .     R - +2 cloak {MR+}
rCorr  +         Harm     .     j - +2 pair of gloves "Tonamoa" {rCorr Slay+3}
MR     ++++.                    Q - +3 pair of boots of Kleptomania {rPois rC+ Str+2}
Stlth  +++++.....               W - amulet "Yphufoir" {RegenMP rC+}
                                y - ring of ice
                                e - ring "Akimuock" {rElec Int+5 Dex+6 Stlth+}

@: deflect missiles, divine energy
A: slimy green scales 1, weak 1
a: Stop Divine Energy, Channel Magic, Forget Spell, Renounce Religion
}: 2/15 runes: barnacled, gossamer


You were on level 4 of the Pits of Slime.
You worshipped Sif Muna.
Sif Muna was extremely pleased with you.
You were not hungry.

You visited 8 branches of the dungeon, and saw 36 of its levels.
You also visited: Volcano.

You collected 3695 gold pieces.
You spent 2345 gold pieces at shops.

Inventory:

Hand Weapons
 b - the +0 scimitar of Wrath {venom, Str+4 Int+5}
   (You found it on level 2 of the Elven Halls)

   It poisons the flesh of those it strikes.
   It affects your strength (+4).
   It affects your intelligence (+5).
Armour
 i - the +0 Maxwell's etheric cage (worn) {RegenMP+ *Contam rElec MP+4}
   (You acquired it on level 10 of the Dungeon)

   It insulates you from electricity.
   It affects your magic capacity (+4).
   It causes magical contamination when unequipped.
 j - the +2 pair of gloves "Tonamoa" (worn) {rCorr Slay+3}
   (You acquired it on level 10 of the Dungeon)

   It affects your accuracy and damage with ranged weapons and melee attacks
   (+3).
   It protects you from acid and corrosion.
 I - a +0 buckler (worn)
 K - a +2 robe of magic resistance (worn)
 Q - the +3 pair of boots of Kleptomania (worn) {rPois rC+ Str+2}
   (You found it on level 3 of the Spider Nest)

   It affects your strength (+2).
   It protects you from cold.
   It protects you from poison.
 R - a +2 cloak of magic resistance (worn)
Magical Staves
 a - an uncursed staff of power (weapon)
Rods
 c - a +9 rod of clouds (17/17)
   (You took it off a deep elf elementalist on level 3 of the Elven Halls)
Jewellery
 e - the ring "Akimuock" (left hand) {rElec Int+5 Dex+6 Stlth+}
   (You bought it in a shop on level 2 of the Orcish Mines)

   [ring of stealth]

   It affects your intelligence (+5).
   It affects your dexterity (+6).
   It insulates you from electricity.
   It makes you more stealthy.
 y - a ring of ice (right hand)
 W - the amulet "Yphufoir" (around neck) {RegenMP rC+}
   (You took it off a deep elf death mage on level 3 of the Elven Halls)

   [amulet of magic regeneration]

   It increases your magic regeneration.
   It protects you from cold.
Wands
 z - a wand of iceblast (11/15)
 J - a wand of disintegration (8/24)
 N - a wand of teleportation (1/9)
 T - a wand of digging (12/24)
Scrolls
 k - 12 scrolls of remove curse
 m - 5 scrolls of magic mapping
 w - 4 scrolls of teleportation
 E - a scroll of identify
 F - a scroll of fear
 G - 3 scrolls of fog
Potions
 d - 3 potions of haste
 g - 9 potions of curing
 l - 4 potions of magic
 n - 7 potions of heal wounds
 p - 2 potions of cancellation
 r - 7 potions of agility
 C - 2 potions of resistance
 H - 9 potions of brilliance
 Z - a potion of invisibility
Books
 f - Guckis's Compendium of Helpful Evil
   (Sif Muna gifted it to you on level 2 of the Pits of Slime)

   Spells                             Type                      Level
   a - Infusion                       Charms                       1
   b - Pain                           Necromancy                   1
   c - Ozocubu's Armour               Charms/Ice                   3
   d - Infestation                    Necromancy                   8
 h - Weucymo's Grimoire of Weightlessness
   (Sif Muna gifted it to you on level 5 of the Pits of Slime)

   Spells                             Type                      Level
   a - Airstrike                      Air                          4
   b - Deflect Missiles               Charms/Air                   6
   c - Chain Lightning                Conjuration/Air              8
Miscellaneous
 t - a box of beasts
 u - a sack of spiders
 S - a phial of floods
 Y - a disc of storms
Comestibles
 B - 2 slices of pizza
 D - 12 royal jellies
 M - 12 fruits
 X - 2 meat rations


   Skills:
 - Level 5.0 Fighting
 - Level 9.5 Dodging
 - Level 6.4 Stealth
 - Level 4.2 Shields
 * Level 21.0 Spellcasting
 + Level 13.2 Conjurations
 - Level 9.1 Hexes
 + Level 12.6 Charms
 + Level 10.8 Summonings
 + Level 13.4 Necromancy
 - Level 1.1 Translocations
 * Level 11.3 Transmutations
 - Level 11.5 Ice Magic
 * Level 12.8 Air Magic
   Level 2.3 Poison Magic
 - Level 9.2 Invocations
 + Level 12.3 Evocations


You had 3 spell levels left.
You knew the following spells:

 Your Spells              Type           Power        Failure   Level  Hunger
a - Bolt of Cold          Conj/Ice       ########..   1%          6    None
b - Haunt                 Necr/Summ      #######...   4%          7    None
c - Blink                 Tloc           N/A          1%          2    None
d - Ozocubu's Refrigerat  Ice            ########..   1%          6    None
f - Conjure Ball Lightni  Conj/Air       #######...   1%          6    None
i - Deflect Missiles      Chrm/Air       #######...   1%          6    None
o - Regeneration          Chrm/Necr      #######...   0%          3    None
q - Freezing Cloud        Conj/Ice/Air   ########..   1%          6    None
s - Orb of Destruction    Conj           #######...   2%          7    None
w - Metabolic Englaciati  Hex/Ice        ########..   1%          5    None
x - Ice Form              Ice/Tmut       ########     1%          4    None


Dungeon Overview and Level Annotations

Branches:
Dungeon (11/15)            Temple (1/1) D:5            Lair (6/6) D:10
 Shoals (4/4) Lair:3       Spider (4/4) Lair:3        Slime (5/5) Lair:5
    Orc (2/2) D:10            Elf (3/3) Orc:2

Altars:
Ashenzari
Cheibriados
Dithmenos
Elyvilon
Fedhas
Gozag
Hepliaklqana
Kikubaaqudgha
Makhleb
Nemelex Xobeh
Okawaru
Qazlal
Ru
Sif Muna
Trog
Uskayaw
Vehumet
Xom
Yredelemnul
Zin
The Shining One
Beogh

Shops:
D:4 (   D:6 [   Orc:2 !=*?   Elf:1 :   Elf:2 [   Elf:3 [

Annotations:
D:6 231 cloack
D:9 dngmouse's ghost, novice MiFi
Slime:5 Royal Jelly
Orc:2 600 ring


Innate Abilities, Weirdness & Mutations

You are partially covered in slimy green scales. (AC +2)
You are weak. (Str -2)


Message History

The death ooze completely misses you.
You hear a distant blaring wail to the south.
The Royal Jelly is no longer moving slowly.
The death ooze barely misses you. The death ooze hits you.
There is a stone staircase leading up here.
The acid blob spits acid at you. The splash of acid hits you! You resist.
You are splashed with acid!
The acid burns!
You resist.
* * * LOW HITPOINT WARNING * * *
The acid blob completely misses you.
You climb upwards.
There is a stone staircase leading down here.
You feel much better. The acid blob hits you!!
* * * LOW HITPOINT WARNING * * *
You are splashed with acid!
The acid burns!
You resist.
* * * LOW HITPOINT WARNING * * *
The acid blob hits you!!
* * * LOW HITPOINT WARNING * * *
You are splashed with acid!
The acid burns!
You resist.
You die...

....#.#...........#....<.........
.#.####.#......>.#..............#
....##....................##.....
...####....................##....
..#..#.......................#.##
...................<..........##
............#..................##
................J...............#
#...#.#.........@J.............##
##.####......#.J...............#
### #.............#.......##.##
##....................####
###.......<............####
#.....................#.#
##.#.....................
##...............#.....#
#.....................#


You could see 3 acid blobs.

Vanquished Creatures
  Dissolution (Slime:1)
  Rupert (Spider:1)
  14 acid blobs
  2 deep elf blademasters (Elf:3)
  2 deep elf master archers (Elf:3)
  Polyphemus (Shoals:4)
  2 krakens
  Agnes (Spider:1)
  Ilsuiw (Shoals:4)
  9 azure jellies
  A frost giant (Shoals:1)
  6 deep elf sorcerers
  5 deep elf elementalists (Elf:3)
  Louise (Elf:3)
  7 emperor scorpions
  A ghost moth (Spider:4)
  4 entropy weavers
  4 deep elf demonologists (Elf:3)
  Azrael (Elf:2)
  2 spark wasps (Spider:4)
  An ettin (Orc:2)
  8 deep elf annihilators (Elf:3)
  4 merfolk javelineers (Shoals:4)
  6 deep elf death magi (Elf:3)
  8 merfolk impalers
  A fire dragon (Lair:6)
  4 deep elf high priests
  6 hydras
  Fannar (Lair:3)
  3 great orbs of eyes
  2 merfolk avatars
  2 catoblepae
  A satyr (Shoals:3)
  5 merfolk aquamancers
  30 dancing weapons
  7 orc high priests (Orc:2)
  7 death yaks
  Urug (D:10)
  Sonja (Lair:3)
  15 deep elf knights
  11 sea snakes
  A glowing orange brain (Slime:5)
  8 deep elf archers
  18 harpies
  27 orb spiders
  3 fauns (Shoals:2)
  A hill giant (D:11)
  47 deep elf magi
  An ugly thing (D:10)
  3 oklob plants
  33 wolf spiders
  23 manticores
  2 orc sorcerers
  3 shining eyes
  A shining eye (shapeshifter) (Elf:3)
  10 cyclopes
  A black mamba (Lair:2)
  7 water nymphs
  11 sirens
  A centaur zombie (D:10)
  5 moths of wrath
  2 torpor snails
  7 eyes of devastation
  12 spiny frogs
  2 rime drakes
  5 komodo dragons
  7 demonic crawlers
  3 trolls (Orc:2)
  19 merfolk
  4 wind drakes
  38 jumping spiders
  4 harpy zombies (Shoals:2)
  8 polar bears
  13 hornets
  100 slime creatures
  18 blink frogs
  4 tyrant leeches (Spider:3)
  10 hippogriffs
  6 dream sheep
  2 raiju (Lair:6)
  7 snapping turtles
  3 air elementals
  39 tarantellas
  A wyvern (Lair:6)
  8 water elementals
  7 yaks
  81 redbacks
  6 fire elementals
  5 fire bats (Volcano)
  8 golden eyes
  3 basilisks
  A steam dragon (Lair:6)
  12 wargs
  8 hell hounds
  17 water moccasins
  8 porcupines
  16 orc warriors
  2 sky beasts
  6 ice beasts
  3 swamp drakes (Lair:6)
  12 black bears
  5 eyes of draining
  7 centaurs
  2 phantoms
  7 ogres
  28 wolves
  21 crocodiles
  A hippogriff zombie (Shoals:2)
  15 bullfrogs
  8 earth elementals
  4 scorpions
  A water moccasin skeleton (D:10)
  8 killer bees
  7 wights
  An electric eel (Lair:1)
  5 howler monkeys
  5 lava snakes (Volcano)
  2 crimson imps
  3 quasits
  2 centaur skeletons
  A jelly (D:8)
  16 hounds
  48 orc priests
  A gnoll shaman (D:8)
  Jessica (D:3)
  Terence (D:3)
  Natasha (thrice) (D:2 D:3)
  8 iguanas
  13 orc wizards
  5 worker ants
  A killer bee zombie (D:8)
  A hound zombie (D:10)
  A hound skeleton (D:5)
  8 adders
  10 gnolls
  2 howler monkey skeletons (D:7)
  A howler monkey zombie (D:8)
  2 shadow imps (D:8)
  An adder zombie (D:6)
  3 adder skeletons (D:6)
  5 worms
  2 dart slugs
  7 leopard geckos
  91 orcs
  A ball python (D:6)
  9 bats
  2 giant cockroaches
  5 hobgoblins
  4 jackals (D:10)
  6 quokkas
  5 frilled lizards
  13 goblins
  A jackal skeleton (D:4)
  9 kobolds
  A leopard gecko skeleton (D:5)
  A leopard gecko zombie (D:5)
  6 rats
  6 fungi
  38 plants
  5 tentacles
1389 creatures vanquished.

Vanquished Creatures (collateral kills)
  Gastronok (Lair:3)
  The ghost of dngmouse the Warrior, an adept MiFi of Okawaru (Spider:3)
  A hydra (Lair:3)
  2 death yaks (Lair:2)
  A wolf spider (Spider:2)
  7 elephants (Lair:6)
  2 rime drakes (Lair:6)
  A komodo dragon (Lair:6)
  2 demonic crawlers
  2 jumping spiders
  3 polar bears (Lair:6)
  7 blink frogs
  Grinder (D:6)
  3 hippogriffs (Lair:6)
  A tarantella (Spider:3)
  4 redbacks
  A basilisk (Lair:6)
  8 yaks
  A steam dragon (Lair:6)
  The ghost of Mefis the Magician, an amateur DEWz (D:4)
  2 hell hounds (Lair:6)
  A water moccasin (Lair:4)
  An orc warrior (D:10)
  3 black bears (Lair:6)
  An ogre (D:6)
  17 wolves
  2 crocodiles (Lair:6)
  2 bullfrogs (Lair:2)
  4 earth elementals (Spider:3)
  2 hounds
  An orc priest (D:4)
  2 iguanas (Lair:6)
  7 orcs
  A frilled lizard (D:2)
  A fungus (Lair:6)
  5 plants
102 creatures vanquished.

Vanquished Creatures (others)
  12 ball lightnings (Slime:5)
  A fire bat (Volcano)
  26 fungi
  32 plants
  4 tentacles
75 creatures vanquished.

Grand Total: 1566 creatures vanquished

Notes
Turn   | Place    | Note
-------+----------+-------------------------------------------
     0 | D:1      | Mefis the Deep Elf Wizard began the quest for the Orb.
     0 | D:1      | Reached XP level 1. HP: 10/10 MP: 7/7
   196 | D:1      | Reached XP level 2. HP: 15/15 MP: 5/9
   200 | D:1      | Learned a level 2 spell: Call Imp
   203 | D:1      | Learned a level 2 spell: Blink
   206 | D:1      | Learned a level 2 spell: Repel Missiles
  1128 | D:2      | Reached skill level 5 in Spellcasting
  1128 | D:2      | Reached XP level 3. HP: 13/19 MP: 3/11
  1133 | D:2      | Learned a level 3 spell: Mephitic Cloud
  1371 | D:2      | Noticed Natasha
  1592 | D:2      | Killed Natasha
  1592 | D:2      | Reached XP level 4. HP: 24/24 MP: 0/13
  1953 | D:2      | Reached skill level 1 in Air Magic
  1987 | D:2      | Found a burning altar of Makhleb.
  2190 | D:2      | Found a blossoming altar of Fedhas.
  2300 | D:3      | Noticed Terence
  2307 | D:3      | Learned a level 3 spell: Conjure Flame
  2506 | D:3      | Killed Terence
  2621 | D:3      | Noticed Natasha
  2631 | D:3      | Killed Natasha
  2631 | D:3      | Reached XP level 5. HP: 19/28 MP: 3/15
  2654 | D:3      | Noticed Natasha
  2955 | D:3      | Noticed Jessica
  2966 | D:3      | Killed Jessica
  2966 | D:3      | Reached skill level 1 in Poison Magic
  3077 | D:3      | Killed Natasha
  3109 | D:3      | Found a faded altar of an unknown god.
  3130 | D:3      | Reached skill level 6 in Spellcasting
  3679 | D:4      | Reached XP level 6. HP: 18/32 MP: 7/17
  3683 | D:4      | Learned a level 2 spell: Slow
  3980 | D:4      | Found Veaclu Qito's Weapon Shop.
  3985 | D:4      | Bought a +0 hunting sling for 18 gold pieces
  4213 | D:4      | Noticed Mefis's ghost (amateur DEWz)
  4239 | D:4      | Killed Mefis's ghost
  4239 | D:4      | Reached skill level 1 in Hexes
  4631 | D:5      | Entered Level 5 of the Dungeon
  4636 | D:5      | Reached XP level 7. HP: 36/36 MP: 15/19
  4871 | D:5      | Learned a level 3 spell: Tukima's Dance
  5035 | D:5      | Reached skill level 7 in Spellcasting
  5187 | D:5      | Found a staircase to the Ecumenical Temple.
  5194 | Temple   | Entered the Ecumenical Temple
  5230 | Temple   | Became a worshipper of Sif Muna the Loreminder
  5578 | D:5      | Reached skill level 5 in Stealth
  5663 | D:5      | Found a basalt altar of Yredelemnul.
  6169 | D:6      | Reached skill level 5 in Dodging
  6169 | D:6      | Reached XP level 8. HP: 17/41 MP: 13/21
  6174 | D:6      | Learned a level 3 spell: Dazzling Spray
  6392 | D:6      | Noticed Grinder
  6476 | D:6      | Killed Grinder
  6499 | D:6      | Reached skill level 8 in Spellcasting
  6586 | D:6      | Found Aqirghen's Antique Armour Shop.
  6800 | D:6      | Reached * piety under Sif Muna
  6859 | D:6      | Found an iron altar of Okawaru.
  6859 | D:6      | Found a bloodstained altar of Trog.
  6899 | D:6      | Got an encrusted whip
  6900 | D:6      | Identified the +3 whip "Ecauc" {freeze, rPois} (You found it on level 6 of the Dungeon)
  7422 | D:6      | Found a stormy altar of Qazlal.
  8137 | D:7      | Reached skill level 9 in Spellcasting
  8239 | D:7      | Reached skill level 5 in Conjurations
  8239 | D:7      | Reached XP level 9. HP: 43/45 MP: 24/24
  8243 | D:7      | Learned a level 2 spell: Ensorcelled Hibernation
  8355 | D:7      | Reached ** piety under Sif Muna
  8355 | D:7      | Reached skill level 5 in Hexes
  8542 | D:7      | Learned a level 1 spell: Animate Skeleton
  8913 | D:7      | Reached skill level 1 in Charms
  8913 | D:7      | Reached skill level 1 in Invocations
  9013 | D:7      | Reached skill level 1 in Necromancy
  9373 | D:8      | Reached skill level 1 in Ice Magic
  9538 | D:6      | Bought a runed cloak for 231 gold pieces
  9815 | D:8      | Reached skill level 1 in Evocations
  9943 | D:8      | Reached skill level 10 in Spellcasting
 10910 | D:8      | Reached *** piety under Sif Muna
 11024 | D:9      | Reached XP level 10. HP: 50/50 MP: 25/26
 11210 | D:9      | Found a shadowy altar of Dithmenos.
 11448 | D:9      | Learned a level 4 spell: Summon Lightning Spire
 11477 | D:9      | Noticed dngmouse's ghost (novice MiFi)
 12043 | D:9      | Found a glowing silver altar of Zin.
 12043 | D:9      | Noticed an angel
 12089 | D:10     | Entered Level 10 of the Dungeon
 12956 | D:10     | Found a staircase to the Orcish Mines.
 13298 | D:10     | Noticed an oklob plant
 13300 | D:10     | Found a staircase to the Lair.
 13334 | D:10     | Noticed Urug
 13392 | D:10     | Killed Urug
 13392 | D:10     | Reached **** piety under Sif Muna
 13392 | D:10     | Reached skill level 11 in Spellcasting
 14141 | D:10     | Killed an oklob plant
 14269 | Lair:1   | Entered Level 1 of the Lair of Beasts
 14365 | D:11     | Noticed a hill giant
 14372 | D:11     | Killed a hill giant
 14373 | D:11     | Noticed a death knight
 14404 | Lair:1   | Noticed a spiny frog
 14414 | Lair:1   | Killed a spiny frog
 14596 | Lair:1   | Reached XP level 11. HP: 54/54 MP: 23/28
 15814 | Lair:2   | Reached skill level 1 in Shields
 16113 | Lair:2   | Reached ***** piety under Sif Muna
 16178 | Lair:2   | Found a dark tunnel.
 16193 | Volcano  | Entered a volcano
 16221 | Volcano  | Reached skill level 12 in Spellcasting
 16237 | Volcano  | Received a gift from Sif Muna
 16246 | Volcano  | Learned a level 5 spell: Cigotuvi's Embrace
 16722 | Lair:2   | Noticed a death yak
 16723 | Lair:2   | Noticed a death yak
 16725 | Lair:2   | Noticed a death yak
 16725 | Lair:2   | Noticed a death yak
 16743 | Lair:2   | Killed a death yak
 16743 | Lair:2   | Reached skill level 5 in Ice Magic
 16754 | Lair:2   | Killed a death yak
 17030 | Lair:2   | Reached skill level 5 in Necromancy
 17297 | Lair:2   | Reached skill level 5 in Summonings
 17927 | Lair:2   | Killed a death yak
 18126 | Lair:2   | Killed a death yak
 18126 | Lair:2   | Reached XP level 12. HP: 59/59 MP: 0/30
 18332 | Lair:3   | Noticed Sonja
 18340 | Lair:3   | Killed Sonja
 18340 | Lair:3   | Reached skill level 5 in Evocations
 18424 | Lair:3   | Noticed Fannar
 18526 | Lair:3   | Killed Fannar
 18528 | Lair:3   | Noticed a seven-headed hydra
 18662 | Lair:3   | Noticed Gastronok
 18821 | Lair:3   | Found an iron altar of Okawaru.
 18856 | Lair:3   | Learned a level 6 spell: Simulacrum
 18865 | Lair:3   | Learned a level 6 spell: Death Channel
 18884 | Lair:3   | Found an iron altar of Okawaru.
 18913 | Lair:3   | Reached skill level 13 in Spellcasting
 19073 | Lair:3   | Reached skill level 5 in Invocations
 19518 | Lair:3   | Found a hole to the Spider Nest.
 19848 | Lair:3   | Killed a seven-headed hydra
 20000 | Lair:3   | Found a staircase to the Shoals.
 20067 | Lair:3   | Killed Gastronok
 20329 | Lair:4   | Noticed a death yak
 20329 | Lair:4   | Noticed a death yak
 20332 | Lair:4   | Noticed a death yak
 20414 | Lair:3   | Killed a death yak
 20889 | Lair:3   | Killed a death yak
 21142 | Lair:4   | Killed a death yak
 21429 | Lair:4   | You fall through a shaft for 2 floors!
 21429 | Lair:6   | Entered Level 6 of the Lair of Beasts
 21587 | Lair:6   | Reached XP level 13. HP: 63/63 MP: 32/32
 21680 | Lair:6   | Learned a level 6 spell: Bolt of Cold
 22325 | Lair:4   | Reached skill level 14 in Spellcasting
 22850 | Lair:4   | Reached skill level 5 in Air Magic
 23122 | Lair:5   | Found a staircase to the Slime Pits.
 23219 | Lair:5   | Learned a level 5 spell: Metabolic Englaciation
 24280 | Lair:6   | Identified a scroll of acquirement
 24629 | Lair:6   | Noticed a fire dragon
 24638 | Lair:6   | Killed a fire dragon
 25668 | Lair:6   | Reached XP level 14. HP: 68/68 MP: 0/34
 26062 | Lair:6   | Identified Sif Muna's Catalogue of Augmentations (Sif Muna gifted it to you on level 6 of the Lair of Beasts)
 26062 | Lair:6   | Received a gift from Sif Muna
 26114 | Lair:6   | Learned a level 6 spell: Freezing Cloud
 26122 | Lair:6   | Learned a level 6 spell: Ozocubu's Refrigeration
 26924 | D:6      | Bought an embroidered cloak for 231 gold pieces
 27119 | D:10     | Got a pair of fine gloves
 27130 | D:10     | Identified the +2 pair of gloves "Tonamoa" {rCorr Slay+3} (You acquired it on level 10 of the Dungeon)
 27132 | Orc:1    | Entered Level 1 of the Orcish Mines
 27482 | Orc:2    | Entered Level 2 of the Orcish Mines
 27487 | Orc:2    | Reached skill level 15 in Spellcasting
 27528 | Orc:2    | Found a staircase to the Elven Halls.
 27546 | Orc:2    | Found an iron altar of Okawaru.
 28488 | Orc:2    | Found a roughly hewn altar of Beogh.
 28798 | Orc:2    | Found Cishumup's Distillery.
 28798 | Orc:2    | Found Xaewnios's Jewellery Shoppe.
 28808 | Orc:2    | Bought a potion of experience for 500 gold pieces
 28808 | Orc:2    | Bought a potion of magic for 80 gold pieces
 28808 | Orc:2    | Bought 2 potions of heal wounds for 100 gold pieces
 28808 | Orc:2    | Bought a potion of flight for 30 gold pieces
 28808 | Orc:2    | Bought a potion of cancellation for 80 gold pieces
 28808 | Orc:2    | Bought a potion of mutation for 25 gold pieces
 28808 | Orc:2    | Bought a potion of lignification for 30 gold pieces
 29033 | Orc:2    | Found Pop Baip's Assorted Antiques.
 29033 | Orc:2    | Found Rynkaats's Magic Scroll Shoppe.
 29038 | Orc:2    | Bought a potion of heal wounds for 185 gold pieces
 29038 | Orc:2    | Bought a black potion for 33 gold pieces
 29047 | Orc:2    | Bought a scroll of identify for 30 gold pieces
 29047 | Orc:2    | Bought a scroll of identify for 30 gold pieces
 29047 | Orc:2    | Bought a scroll of enchant armour for 112 gold pieces
 29047 | Orc:2    | Bought a scroll of identify for 30 gold pieces
 29868 | Lair:1   | Reached skill level 5 in Fighting
 29868 | Lair:1   | Reached XP level 15. HP: 67/82 MP: 36/36
 30046 | Spider:1 | Entered Level 1 of the Spider Nest
 30560 | Spider:1 | Noticed Agnes
 30567 | Spider:1 | Killed Agnes
 31037 | Spider:1 | Identified Sif Muna's Almanac of Calling and Dark Secrets (Sif Muna gifted it to you on level 1 of the Spider Nest)
 31037 | Spider:1 | Received a gift from Sif Muna
 31241 | Spider:1 | Noticed Rupert
 31252 | Spider:1 | Killed Rupert
 31430 | Spider:1 | Reached skill level 16 in Spellcasting
 31430 | Spider:1 | Reached XP level 16. HP: 87/87 MP: 38/38
 31648 | Spider:2 | Reached skill level 10 in Necromancy
 31664 | Spider:2 | Reached skill level 10 in Ice Magic
 31743 | Spider:2 | Learned a level 6 spell: Shadow Creatures
 31876 | Spider:2 | Identified Sif Muna's Grimoire of Excruciating Execration (Sif Muna gifted it to you on level 2 of the Spider Nest)
 31876 | Spider:2 | Received a gift from Sif Muna
 31878 | Spider:2 | Reached skill level 5 in Charms
 32550 | Spider:3 | Noticed dngmouse's ghost (adept MiFi)
 32762 | Spider:3 | Reached skill level 10 in Conjurations
 33015 | Spider:3 | Killed dngmouse's ghost
 33178 | Spider:3 | Reached skill level 17 in Spellcasting
 33362 | Spider:3 | Got a pair of translucent boots
 33368 | Spider:3 | Identified the +3 pair of boots of Kleptomania {rPois rC+ Str+2} (You found it on level 3 of the Spider Nest)
 33642 | Spider:3 | Identified Rots's Disquisition on Fetching Protection (Sif Muna gifted it to you on level 3 of the Spider Nest)
 33642 | Spider:3 | Received a gift from Sif Muna
 33653 | Spider:3 | Learned a level 7 spell: Orb of Destruction
 33726 | Spider:4 | Entered Level 4 of the Spider Nest
 34711 | Spider:4 | Reached XP level 17. HP: 42/92 MP: 26/40
 35529 | Spider:4 | Reached skill level 10 in Evocations
 35950 | Spider:4 | Got a gossamer rune of Zot
 36580 | Orc:2    | Bought the ring "Akimuock" {rElec Int+5 Dex+6 Stlth+} for 600 gold pieces
 36625 | Elf:1    | Entered Level 1 of the Elven Halls
 36753 | Elf:1    | Identified Sif Muna's Grimoire of Enhancements and Darkness (Sif Muna gifted it to you on level 1 of the Elven Halls)
 36753 | Elf:1    | Received a gift from Sif Muna
 36764 | Elf:1    | Learned a level 6 spell: Deflect Missiles
 36908 | Lair:1   | Learned a level 4 spell: Ice Form
 36913 | Lair:1   | Learned a level 3 spell: Regeneration
 37306 | Elf:1    | Found Edwusen's Book Shoppe.
 37568 | Elf:1    | Reached skill level 1 in Transmutations
 37674 | Elf:1    | Reached skill level 18 in Spellcasting
 38367 | Elf:2    | Got a transparent cloak
 38378 | Elf:2    | Identified the cursed +0 cloak "Deih" {rElec} (You found it on level 2 of the Elven Halls)
 38412 | Elf:2    | Got a scorched scimitar
 38413 | Elf:2    | Identified the +0 scimitar of Wrath {venom, Str+4 Int+5} (You found it on level 2 of the Elven Halls)
 38501 | Elf:2    | Found a runed gate.
 38501 | Elf:2    | Found a runed gate.
 38502 | Elf:2    | Found a runed gate.
 38674 | Elf:2    | Found Xoti's Armour Shop.
 38942 | Elf:2    | Noticed Azrael
 38954 | Elf:2    | Killed Azrael
 39183 | Elf:2    | Reached XP level 18. HP: 96/96 MP: 42/42
 39661 | Elf:3    | Entered Level 3 of the Elven Halls
 40135 | Elf:3    | Reached skill level 5 in Transmutations
 40326 | Elf:3    | Identified Sif Muna's Reference Book on Boosts and the Escort (Sif Muna gifted it to you on level 3 of the Elven Halls)
 40326 | Elf:3    | Received a gift from Sif Muna
 40592 | Elf:3    | Noticed a Brimstone Fiend
 40684 | Elf:3    | Reached skill level 19 in Spellcasting
 40766 | Elf:3    | Got a bloodstained great mace {holy}
 40773 | Elf:3    | Reached skill level 10 in Air Magic
 40809 | Elf:3    | Got an encrusted trident {pierce}
 40810 | Elf:3    | Identified the +8 trident of Taxih {pierce, rC+ MP-9 SInv} (You took it off a deep elf annihilator on level 3 of the Elven Halls)
 40877 | Elf:3    | Reached skill level 10 in Charms
 41119 | Elf:3    | Identified a +6 rod of clouds (14/14) (You took it off a deep elf elementalist on level 3 of the Elven Halls)
 41189 | Elf:3    | Got a flickering silver amulet
 41401 | Elf:3    | Noticed Louise
 41403 | Elf:3    | Killed Louise
 41642 | Elf:3    | Found Hazaunad's Armour Shop.
 41661 | Elf:3    | Identified the amulet "Yphufoir" {RegenMP rC+} (You took it off a deep elf death mage on level 3 of the Elven Halls)
 41847 | Elf:3    | Identified the Catalogue of Battle Magic and Ignition
 42679 | Lair:1   | Learned a level 7 spell: Haunt
 42795 | Shoals:1 | Entered Level 1 of the Shoals
 43276 | Shoals:1 | Reached XP level 19. HP: 100/100 MP: 39/44
 44678 | Shoals:3 | Identified Sif Muna's Catalogue of Perfectionism (Sif Muna gifted it to you on level 3 of the Shoals)
 44678 | Shoals:3 | Received a gift from Sif Muna
 45436 | Shoals:4 | Entered Level 4 of the Shoals
 45862 | Shoals:4 | Reached skill level 10 in Summonings
 45867 | Shoals:4 | Reached skill level 20 in Spellcasting
 46042 | Shoals:4 | Got a barnacled rune of Zot
 46479 | Shoals:4 | Identified Dispater's Collected Works on Blows and Bruises (Sif Muna gifted it to you on level 4 of the Shoals)
 46479 | Shoals:4 | Received a gift from Sif Muna
 46485 | Shoals:4 | Noticed Polyphemus
 46497 | Shoals:4 | Killed Polyphemus
 46574 | Shoals:4 | Noticed Ilsuiw
 46588 | Shoals:4 | Killed Ilsuiw
 46975 | Lair:1   | Learned a level 6 spell: Conjure Ball Lightning
 47113 | Lair:1   | Learned a level 5 spell: Metabolic Englaciation
 47281 | Slime:1  | Entered Level 1 of the Pits of Slime
 47569 | Slime:2  | Noticed Dissolution
 47813 | Slime:1  | Paralysed by a floating eye for 2 turns
 47823 | Slime:1  | Killed Dissolution
 47823 | Slime:1  | Reached skill level 10 in Transmutations
 47823 | Slime:1  | Reached XP level 20. HP: 87/106 MP: 32/46
 48623 | Slime:2  | Identified Guckis's Compendium of Helpful Evil (Sif Muna gifted it to you on level 2 of the Pits of Slime)
 48623 | Slime:2  | Received a gift from Sif Muna
 49359 | Slime:3  | Gained mutation: You are weak. (Str -2) [a shining eye]
 49362 | Slime:3  | Gained mutation: You are partially covered in slimy green scales. (AC +2) [a shining eye]
 50757 | Slime:5  | Entered Level 5 of the Pits of Slime
 50782 | Slime:5  | Noticed the Royal Jelly
 51017 | Slime:5  | Identified Weucymo's Grimoire of Weightlessness (Sif Muna gifted it to you on level 5 of the Pits of Slime)
 51017 | Slime:5  | Received a gift from Sif Muna
 51921 | Slime:5  | Reached skill level 21 in Spellcasting
 51946 | Slime:4  | HP: 3/106 [acid blob[the Royal Jelly] (20)]
 51946 | Slime:4  | Splashed by an acid blob's acid

Skill      XL: |  1  2  3  4  5  6  7  8  9 10 11 12 13 14 15 16 17 18 19 20 |
---------------+-------------------------------------------------------------+-----
Dodging        | 3 4 5 6 7 8 9 |  9.5
Spellcasting   | 5 6 7 9 10 11 12 13 14 15 16 17 18 19 20 21 | 21.0
Conjurations   | 2 3 4 5 6 7 8 9 10 11 12 13 | 13.2
Stealth        | 3 4 5 6 |  6.4
Air Magic      | 1 2 3 4 6 7 8 9 10 12 | 12.8
Poison Magic   | 1 2 |  2.3
Hexes          | 1 3 4 6 7 8 9 |  9.1
Charms         | 2 4 7 9 10 11 12 | 12.6
Invocations    | 2 3 4 5 6 7 8 9 |  9.2
Necromancy     | 2 4 5 7 8 9 10 11 12 13 | 13.4
Ice Magic      | 2 3 5 7 8 9 11 | 11.5
Evocations     | 2 3 4 6 7 8 9 10 11 12 | 12.3
Summonings     | 2 4 5 6 7 8 9 10 | 10.8
Shields        | 1 3 4 |  4.2
Fighting       | 5 |  5.0
Transmutations | 4 7 10 11 | 11.3
Translocations | |  1.1

Action                   |  1- 3 |  4- 6 |  7- 9 | 10-12 | 13-15 | 16-18 | 19-21 || total
-------------------------+-------+-------+-------+-------+-------+-------+-------++-------
Melee: Dagger            |    22 |    14 |     1 |       |       |       |       ||    37
       Whip              |       |       |    11 |    49 |    23 |       |       ||    83
       Staff             |       |       |       |    16 |    35 |     2 |     1 ||    54
 Fire: Hunting sling     |       |    18 |       |       |       |       |       ||    18
       Blowgun           |       |       |       |     7 |       |       |       ||     7
Throw: Javelin           |       |       |       |       |       |     3 |       ||     3
 Cast: Magic Dart        |    96 |   158 |   270 |   102 |    35 |     3 |       ||   664
       Repel Missiles    |     1 |       |     2 |     3 |     1 |       |       ||     7
       Mephitic Cloud    |     1 |     6 |    13 |    10 |       |       |       ||    30
       Call Imp          |     1 |     3 |    13 |       |       |       |       ||    17
       Conjure Flame     |       |     4 |    12 |     6 |       |       |       ||    22
       Blink             |       |     1 |     2 |    37 |     9 |     9 |     9 ||    67
       Tukima's Dance    |       |       |     8 |     2 |       |       |       ||    10
       Slow              |       |       |     2 |     6 |       |       |       ||     8
       Dazzling Spray    |       |       |   144 |   570 |     6 |       |       ||   720
       Summon Lightning  |       |       |       |    21 |       |       |       ||    21
       Cigotuvi's Embrac |       |       |       |    12 |    36 |    52 |    24 ||   124
       Death Channel     |       |       |       |     8 |     4 |       |       ||    12
       Simulacrum        |       |       |       |     6 |    15 |     4 |       ||    25
       Bolt of Cold      |       |       |       |       |   307 |   443 |   301 ||  1051
       Metabolic Englaci |       |       |       |       |     5 |     7 |    14 ||    26
       Ozocubu's Refrige |       |       |       |       |    28 |    28 |    33 ||    89
       Freezing Cloud    |       |       |       |       |     7 |    35 |    34 ||    76
       Shadow Creatures  |       |       |       |       |       |    22 |       ||    22
       Orb of Destructio |       |       |       |       |       |    83 |    62 ||   145
       Deflect Missiles  |       |       |       |       |       |     4 |     5 ||     9
       Regeneration      |       |       |       |       |       |     1 |     3 ||     4
       Conjure Ball Ligh |       |       |       |       |       |       |     5 ||     5
Invok: Divine Energy     |       |       |       |     2 |       |     1 |       ||     3
       Forget Spell      |       |       |       |     3 |     6 |     6 |     1 ||    16
       Stop Divine Energ |       |       |       |     1 |       |     1 |       ||     2
       Channel Magic     |       |       |       |       |     2 |     5 |       ||     7
 Abil: Evoke Flight      |       |       |       |       |       |     4 |     4 ||     8
Evoke: Wand              |       |       |       |     4 |     3 |     4 |       ||    11
       Phial of floods   |       |       |       |       |     1 |     1 |       ||     2
  Use: Scroll            |       |     6 |     4 |     6 |    11 |    18 |     3 ||    48
       Potion            |       |       |       |       |     1 |     4 |     2 ||     7
 Stab: Confused          |     1 |       |       |       |       |       |       ||     1
       Sleeping          |       |     1 |       |     2 |       |       |       ||     3
       Invisible         |       |       |       |     6 |     1 |       |       ||     7
       Distracted        |       |       |       |       |     2 |       |       ||     2
  Eat: Chunk             |     2 |     8 |    16 |     9 |    58 |    23 |    13 ||   129
       Bread ration      |       |       |     1 |     5 |     3 |       |       ||     9
       Meat ration       |       |       |       |     1 |       |     4 |     3 ||     8
       Fruit             |       |       |       |       |     3 |       |       ||     3
       Pizza             |       |       |       |       |     1 |       |       ||     1
       Royal jelly       |       |       |       |       |       |     1 |       ||     1
Armor: Robe              |     4 |    19 |    21 |    68 |    54 |    67 |    53 ||   286
Dodge: Dodged            |    25 |    35 |    99 |   319 |   142 |   105 |   124 ||   849
       Deflected         |     1 |     2 |     2 |     7 |       |    10 |    30 ||    52
Block: Other             |       |       |       |     8 |    17 |       |       ||    25
       Buckler           |       |       |       |       |    19 |    52 |    53 ||   124
